 Dungeon Crawl Stone Soup version 0.20-a0-1034-gb277f92 (webtiles) character file.

47 shinino the Chopper (level 3, 0/29 HPs)
             Began as a Formicid Fighter on Apr 21, 2017.
             Succumbed to an adder's poison
             ... on level 2 of the Dungeon.
             The game lasted 00:02:12 (1121 turns).

shinino the Chopper (Formicid Fighter)              Turns: 1121, Time: 00:02:12

Health: 0/29       AC:  6    Str: 20    XL:     3   Next: 97%
Magic:  3/3        EV:  7    Int:  7    God:
Gold:   120        SH:  9    Dex: 11    Spells: 2/2 levels left

rFire    . . .     SeeInvis +   a - +0 war axe
rCold    . . .     Gourm    .   c - +0 shield
rNeg     . . .     Faith    .   b - +0 scale mail
rPois    .         Spirit   .   (helmet unavailable)
rElec    .         Reflect  .   (no cloak)
rCorr    .         Harm     .   (no gloves)
MR       .....                  (no boots)
Stlth    ..........             (no amulet)
Regen    0.1/turn               (no ring)
MPRegen  0.1/turn               (no ring)

@: lethally poisoned (0 -> -7)
A: permanent stasis, dig shafts and tunnels, four strong arms, antennae 3
a: Dig, Shaft Self


You were on level 2 of the Dungeon.
You were not hungry.

You visited 1 branch of the dungeon, and saw 2 of its levels.

You collected 120 gold pieces.

Inventory:

Hand Weapons
 a - a +0 war axe (weapon)
Armour
 b - a +0 scale mail (worn)
 c - a +0 shield (worn)
Scrolls
 e - a scroll of amnesia {unknown}
 h - a scroll of teleportation {unknown}
 k - a scroll of fog {unknown}
 l - a scroll of recharging {unknown}
 n - 2 scrolls of identify {unknown}
 p - 2 scrolls of random uselessness {unknown}
 q - a scroll of enchant armour {unknown}
 r - a scroll of fear {unknown}
 u - a scroll of remove curse {unknown}
Potions
 d - a potion of might
 g - a potion of flight {unknown}
 i - a potion of ambrosia {unknown}
 j - a potion of agility {unknown}
 o - a potion of heal wounds {unknown}
 s - 2 potions of lignification {unknown}
 t - a potion of curing {unknown}
 v - a potion of degeneration {unknown}
Comestibles
 f - a bread ration
 m - 2 royal jellies


   Skills:
 - Level 3.2 Fighting
 + Level 3.9 Axes
 - Level 3.2 Armour
 - Level 3.6 Shields


You had 2 spell levels left.
You didn't know any spells.

Dungeon Overview and Level Annotations

Branches:
Dungeon (2/15)

Altars:
Ru

Annotations:
D:1 1 exclusion


Innate Abilities, Weirdness & Mutations

You cannot be hasted, slowed, berserked, paralysed or teleported.
You can dig through walls and to a lower floor.
Your four strong arms can wield two-handed weapons with a shield.
You have a pair of large antennae on your head. (SInv)


Message History

The adder bites you but does no damage. The adder bites you.
You are lethally poisoned!
The adder poisons you!
You barely miss the adder.
The adder is severely wounded.
* * * LOW HITPOINT WARNING * * *
You feel sick. The adder bites you.
* * * LOW HITPOINT WARNING * * *
You block the adder's attack.
You miss the adder.
The adder is severely wounded.
* * * LOW HITPOINT WARNING * * *
You feel sick. The adder bites you.
* * * LOW HITPOINT WARNING * * *
You block the adder's attack.
You slash the adder!
You kill the adder!
* * * LOW HITPOINT WARNING * * *
You feel sick.
You die...

# ########### # ...
...... # ... ....
########.#.####.###
.........#.##..$..##
.....#.###.#.)..@..#
####.#.....#.......#
####.###..(...._..[..#
>...#....(.#.......#..#
.###.#####.#....)..# .#
#.# #$##.....## # #.#
#.####.### #.# #.. ....
#.# ##. ####


There were no monsters in sight!

Vanquished Creatures
  An adder (D:2)
  An ooze (D:1)
  A dart slug (D:1)
  A leopard gecko (D:1)
  A ball python (D:1)
  2 bats (D:1)
  2 giant cockroaches (D:1)
  A goblin (D:1)
  5 hobgoblins
  2 jackals (D:1)
  A frilled lizard (D:1)
  9 kobolds
  2 rats (D:1)
29 creatures vanquished.

Notes
Turn   | Place    | Note
-------+----------+-------------------------------------------
     0 | D:1      | shinino the Formicid Fighter began the quest for the Orb.
     0 | D:1      | Reached XP level 1. HP: 18/18 MP: 1/1
    84 | D:1      | Reached XP level 2. HP: 23/24 MP: 2/2
   195 | D:1      | Reached XP level 3. HP: 28/29 MP: 3/3
  1091 | D:2      | Found a sacrificial altar of Ru.
  1120 | D:2      | HP: 1/29 [poisoned by an adder]
  1121 | D:2      | Succumbed to an adder's poison

Vault maps used:
D:1:      co_arrival_random_square_maze, hex_large
D:2:      old_standard_altar

Skill      XL: |  1  2 |
---------------+-------+-----
Axes           | 3 |  3.9
Fighting       | |  3.2
Armour         | |  3.2
Shields        | |  3.6

Action                   || total
-------------------------++-------
Melee: War axe           ||    95
  Eat: Chunk             ||     1
Armor: Scale mail        ||    46
Dodge: Dodged            ||    24
Block: Shield            ||    52
